 Dungeon Crawl Stone Soup version 0.30-a0-371-gad7725a93e (webtiles) character file.

Game seed: 389724370697486298

92 emiel the Poker (level 4, -3/36 (42) HPs)
             Began as a Naga Fighter on Nov 22, 2022.
             Slain by a necrophage (5 damage)
             ... on level 4 of the Dungeon.
             The game lasted 00:01:47 (1430 turns).

emiel the Poker (Naga Fighter)                      Turns: 1430, Time: 00:01:48

HP:   -3/36 (42)    AC:  4    Str: 18    XL:     4   Next: 60%
MP:   4/4           EV:  7    Int: 10    God:
Gold: 125           SH:  4    Dex: 11    Spells: 3/3 levels left

rFire   . . .      SeeInvis +    a - +0 trident
rCold   . . .      Faith    .    c - +0 buckler
rNeg    . . .      Spirit   .    b - +0 scale mail
rPois   +          Reflect  .    (no helmet)
rElec   .          Harm     .    (no cloak)
rCorr   .          Rampage  .    (no gloves)
Will    .....                    (no barding)
Stlth   ..........               (no amulet)
HPRegen 0.26/turn                (no ring)
MPRegen 0.09/turn                (no ring)

@: silenced, heavily drained, very slow
A: AC +1, large, see invisible, deformed body, poison resistance, slowness 2,
spit poison 1, naga tail 1
a: Spit Poison


You were on level 4 of the Dungeon.
You visited 1 branch of the dungeon, and saw 3 of its levels.

You collected 125 gold pieces.

Inventory:

Hand Weapons
 a - a +0 trident (weapon)
Armour
 b - a +0 scale mail (worn)
 c - a +0 buckler (worn)
 j - a +0 cloak
   (You found it on level 4 of the Dungeon)
Scrolls
 f - a scroll of teleportation {unknown}
 g - a scroll of amnesia {unknown}
 h - a scroll of immolation {unknown}
 i - a scroll of fear {unknown}
Potions
 e - a potion of attraction {unknown}


   Skills:
 - Level 3.0 Fighting
 + Level 4.7 Polearms
 - Level 2.4 Armour
 - Level 2.6 Shields


You had 3 spell levels left.
You didn't know any spells.
Your spell library contained the following spells:

 Spells                   Type           Power      Damage    Failure   Level
 Ozocubu's Armour         Ice            0%         N/A       99%         3
 Ozocubu's Refrigeration  Ice            0%         4d7       100%        7


Dungeon Overview and Level Annotations

Branches:
Dungeon (2/15)

Altars:
Sif Muna
Xom


Innate Abilities, Weirdness & Mutations

Your serpentine skin is tough. (AC +1)
You have supernaturally acute eyesight. (SInv)
Armour fits poorly on your strangely shaped body.
Your system is resistant to poisons. (rPois)
You cover ground very slowly.
You can spit poison.
You have a snake-like lower body.


Message History

The necrophage is moderately damaged.
The necrophage hits you.
You feel drained.
* * * LOW HITPOINT WARNING * * *
You barely miss the necrophage.
The necrophage is moderately damaged.
The necrophage barely misses you.
Unknown command.
You puncture the necrophage!
The necrophage is severely damaged.
The necrophage barely misses you.
Unknown command.
You barely miss the necrophage.
The necrophage is severely damaged.
The necrophage hits you.
* * * LOW HITPOINT WARNING * * *
Unknown command.
Unknown command.
You hit the necrophage but do no damage.
The necrophage is severely damaged.
The necrophage hits you but does no damage.
Unknown command.
Unknown command.
You barely miss the necrophage.
The necrophage is severely damaged.
The necrophage closely misses you.
Unknown command.
Unknown command.
Unknown command.
Unknown command.
You hit the necrophage but do no damage.
The necrophage is severely damaged.
The necrophage hits you.
* * * LOW HITPOINT WARNING * * *
You feel drained.
* * * LOW HITPOINT WARNING * * *
The necrophage barely misses you.
You closely miss the necrophage.
The necrophage is severely damaged.
The necrophage hits you.
You die...

... ... #.# #.#
##.## ...# # #
#n.# .#
..#.###@.####..###
..................
.................#
..........###...#
..#######.###...#
#.#.....#.......#
..#..$..#.......#
..+.$_..#..#...###
..#$..$.#.........


You could see a necrophage.

Vanquished Creatures
  A howler monkey (D:4)
  2 adders
  A worm (D:2)
  A dart slug (D:1)
  2 ball pythons
  3 bats
  5 endoplasms
  2 giant cockroaches
  4 goblins
  A hobgoblin (D:4)
  2 quokkas
  3 kobolds (D:2)
  2 rats (D:2)
29 creatures vanquished.

Notes
Turn   | Place    | Note
-------+----------+-------------------------------------------
     0 | D:1      | emiel the Naga Fighter began the quest for the Orb.
     0 | D:1      | Reached XP level 1. HP: 21/21 MP: 1/1
   336 | D:1      | Reached XP level 2. HP: 23/28 MP: 2/2
   479 | D:1      | Reached skill level 3 in Polearms
   901 | D:2      | Reached XP level 3. HP: 16/34 MP: 3/3
  1014 | D:2      | Found a shimmering altar of Xom.
  1215 | D:2      | You fall into a shaft and drop 2 floors!
  1240 | D:4      | Reached skill level 4 in Polearms
  1240 | D:4      | Reached XP level 4. HP: 40/42 MP: 4/4
  1320 | D:4      | Noticed a steam dragon
  1398 | D:4      | Found a shimmering blue altar of Sif Muna.
  1411 | D:4      | Noticed a necrophage
  1430 | D:4      | Slain by a necrophage

Illustrated notes

Levels and vault maps discovered:
D:1:      roderic_crop_circles_arrival_small, layout_loops_corners
D:2:      kennysheep_big_flooded_room, layout_basic, basic_altar,
          hellmonk_ecumenical_altar_crossroads
D:4:      layout_basic, mainiacjoe_overflow_paths, amcnicky_altar_gilded

Skill      XL: |  1  2  3 |
---------------+----------+-----
Polearms       | 3 4 |  4.7
Fighting       | |  3.0
Armour         | |  2.4
Shields        | |  2.6

Action                   |  1- 3 |  4- 6 || total
-------------------------+-------+-------++-------
Melee: Trident           |    78 |    27 ||   105
 Abil: Spit Poison       |    12 |     1 ||    13
  Use: Potion            |     2 |       ||     2
       Scroll            |       |     1 ||     1
Armor: Scale mail        |    45 |     7 ||    52
Dodge: Dodged            |    20 |    14 ||    34
Block: Buckler           |    13 |     3 ||    16

Table legend: (Time is in decaauts)
 A = Elapsed time spent in this place.
 B = Non-inter-level travel time spent in this place.
 C = Inter-level travel time spent in this place.
 D = Time resting spent in this place.
 E = Time spent auto-exploring this place.
 F = Levels seen in this place.
 G = Mean time per level.
                   A        B        C        D        E       F      G
               +--------+--------+--------+--------+--------+-----+--------+
         Total |   1866 |   1827 |     39 |    215 |   1230 |   3 |  622.0 |
       Dungeon |   1866 |   1827 |     39 |    215 |   1230 |   3 |  622.0 |
               +--------+--------+--------+--------+--------+-----+--------+

Top non-repeatable levels by time:
     D:1: 1026 daAuts
     D:2: 574 daAuts
     D:4: 266 daAuts
